[Event "44th Chess Olympiad Open 2022"]
[Site "Chennai"]
[Date "2022.08.01"]
[Round "4.25"]
[White "Pelletier, Yannick"]
[Black "Saraci, Korab"]
[Result "1/2-1/2"]
[WhiteElo "2551"]
[BlackElo "2287"]
[Annotator "TA"]
[PlyCount "97"]
[EventDate "2022.??.??"]
[TimeControl "60"]

1. d4 Nf6 2. c4 e6 3. Nf3 d5 4. Nc3 c5 5. cxd5 cxd4 6. Qxd4 exd5 7. Bg5 Be7 8. e3 Nc6 {[%emt 0:03:37] D50: Queen's Gambit Declined:
Dutch-Peruvian Gambit.} 9. Qa4 O-O 10. Be2 Be6 11. O-O {[%emt 0:01:59] [#]} Nd7 $146 (11... Qb6 $11) ({Predecessor:} 11... Qb6 12. Qb5 h6 13. Qxb6 {
½-½ (13) Khenkin,I (2617)-Brkic,A (2578) Bol 2013}) 12. Bxe7 $14 Qxe7 13. Rfd1 Nb6 14.
Qb5 Rfd8 15. Nd4 Ne5 16. Na4 Nxa4 17. Qxa4 Bg4 18. Bxg4 Nxg4 19. Ne2 Nxe3 20. fxe3 Qxe3+ 21. Kf1 Rd6 $1 {[%emt 0:00:16] [#]} (
21... Re8 $2 22. Re1 $18) 22. Qd4 (22. Qf4 $2 Rf6 23. Qxf6
gxf6 $19) 22... Rf6+ 23. Ke1 Qh6 24. h3 $2 (24. Rd3 $14 {keeps the upper hand.}) 24... Re8
$36 {[%emt 0:01:04] Black is on the roll.} 25. Rd2 (25. Rac1
$17) 25... Qg5 $19 26. Qg1 d4 (26... Qf4 27. Rc1 $14) ({Better is} 26... Rfe6 {[%cal Yd5d4] . ..d4! is the
strong threat.} 27. a3 h6) 27. Rxd4 $17 {[%emt 0:05:14] [#]} ({Don't blunder} 
27. Kd1 $2 Qe3 28. Qxe3 dxe3 $19) 27... Qc5 $1 ({Don't play} 
27... Rfe6 $6 28. Rd2 $11) 28. Rad1 h6 ({
Reject} 28... Rfe6 $6 29. R1d2 Qc1+ 30. Kf2 Rf6+ 31. Kg3 Qc7+ 32. Nf4 $11) 29.
a3 Rfe6 30. Qf2 Rxe2+ 31. Qxe2 Rxe2+ 32. Kxe2 {
[%emt 0:00:04] Endgame KQ-KRR} Qb5+ 33. R1d3 Qxb2+ 34. Kf3 a5 35. a4 b5 (35... g5 $17 {White must now prevent ...
b5.} 36. h4 b5 37. axb5 Qxb5) 36. axb5 $15 Qxb5 37. Rd5 (37. Kg3 $1 $15) 37... Qa6 ({
Black should try} 37... Qb7 $19 {Hoping for ...a4.} 38. Kg3 a4 39. Rd8+ Kh7)
38. Rd6 (38. Ra3 $11) 38... Qb7+ 39. Kg3 $1 a4 {[%emt 0:00:22] Threatens to win with ...Qc7.} 40. Rd7 {
[%emt 0:00:30] Against Qc7+} (40. Kh2 $1 $15) 40... Qb2 ({
Black should play} 40... Qb8+ $19 41. Kf2 Kh7) 41. Kh2 Qe5+ 42. Kh1 {[%emt 0:00:09] The position is equal.} Qa5 {[%emt 0:
02:00] aiming for ...a3.} 43. Ra3 Qb4 44. Ra1 Qb2 45. Rxa4 Qb1+ 46. Kh2 {[%emt 0:00:04] Active counter play!} Qb8+ 47.
Kh1 Qb1+ 48. Kh2 Qb8+ 49. Kh1 {[%emt 0:00:02] And White is the lucky defender.
Weighted Error Value: White=0.23 (precise) /Black=0.25 (precise)} 1/2-1/2

[Event "44th Chess Olympiad Open 2022"]
[Site "Chennai"]
[Date "2022.08.01"]
[Round "4.25"]
[White "Saraci, Nderim"]
[Black "Bogner, Sebastian"]
[Result "1/2-1/2"]
[WhiteElo "2495"]
[BlackElo "2545"]
[Annotator "TA"]
[PlyCount "47"]
[EventDate "2022.??.??"]
[TimeControl "60"]

1. d4 Nf6 2. c4 e6 3. Nf3 d5 4. g3 Bb4+ 5. Bd2 Be7 6. Bg2 O-O 7. O-O c6 8. b3 b6 9. Qc2 Nbd7 10. Rd1 a5 {[%emt 0:21:06] E11: Bogo-Indian.}
11. Bc3 Bb7 12. Nbd2 c5 {
[%emt 0:09:17] [#]} 13. dxc5 $146 ({Predecessor:} 13. Rac1 Qc7
14. Qb1 Rac8 15. cxd5 Bxd5 16. e4 Bb7 17. Bb2 Qb8 18. e5 Nd5 19. Nc4 {0-1 (52)
Hera,I (2614)-Volokitin,A (2633) Hungary 2019}) 13... Bxc5 {[%emt 0:00:00] The
position is equal.} 14. Qb2 b5 15. cxb5 Qb6 16. e3 Qxb5 17. Ne5 Nxe5 18. Bxe5 Be7 19. Rac1 (19. a4 $5 Qe2 20. Bf3 $11) 19... Rfc8 20. Nb1 Qb4 21. Bc3 Qb5 22. Be5 Qb4 23. Bc3 Qb5 24. Be5 {[%emt 0:00:00] An interesting draw. Weighted Error Value:
White=0.04 (flawless) /Black=0.03 (flawless)} 1/2-1/2

[Event "44th Chess Olympiad Open 2022"]
[Site "Chennai"]
[Date "2022.08.01"]
[Round "4.25"]
[White "Baenziger, Fabian"]
[Black "Asllani, Muhamet"]
[Result "1-0"]
[WhiteElo "2451"]
[BlackElo "2235"]
[Annotator "TA"]
[PlyCount "91"]
[EventDate "2022.??.??"]
[TimeControl "60"]

1. d4 Nf6 2. c4 e6 3. Nf3 d5 4. g3 Be7 5. Bg2 O-O 6. O-O c6 7. Qc2 Nbd7 {[%emt 0:06:29] 7...b6 injects fresh life into this line.} 8. Rd1 Ne4 9. b3 b6 {[%emt 0:06:47]
E08: Closed Catalan: Main Line: 7 Qc2.} 10. Nbd2 Nxd2 11. Nxd2 Bb7 {[%emt 0:02:11] White is
slightly better.} 12. e4 {[%emt 0:00:10] [#]} dxe4 $146 ({
Predecessor:} 12... Rc8 13. Bb2 Re8 14. Rac1 Bf8 15. Qb1 Qg5 16. Nf3 Qe7 17.
Re1 Qd8 18. Rcd1 Bb4 {1-0 (52) Sundararajan,K (2487)-Luna Cortes,L (2219)
Montcada 2009}) 13. Nxe4 Nf6 14. Ng5 Qc7 15. Bf4 Bd6 16. Bxd6 Qxd6 17. c5 Qc7 18. Rac1 b5 19. Rd2 Rfd8 20. h4 Qa5 21. Nf3 Qa3 (21... Qc7 $14) 22. Ne5 $16 Rac8 23. Re1 (23. Rcd1 $142)
23... Qb4 24. Qb2 Nd7 25. Nd3 {[%emt 0:02:10] 0x0.0019ebf61f69dp-1022s more active pieces.}
Qa5 26. Red1 Nf6 27. Ne5 Nd7 28. Qc2 Nf6 29. Bf3 (29. g4 $16) 29... Qb4 ({
Better is} 29... Qc7 $14) 30. Nd3 (30. g4 $1 $16 ) 30... Qa5 $14 (30... Qxd4 $2 31. Ne5 $1 Qxd2 32. Rxd2 $18)
31. Qb2 Nd7 32. Kg2 Nf6 33. Ne5 Nd7 (
33... Nd5 $14) 34. Qc2 (34. Bh5 $16 g6 35. Bf3) 34... Nf6 35. Kh2 Qb4 (35... Nd5 $14)
36. Nd3 (36. g4 $16) 36... Qa5 (36... Qxd4 $2
{[#]} 37. Ne5 $1 Qxd2 38. Rxd2 $18) 37. Qb2 (37. b4 $5 Qc7 38. Ne5 $11) 37... Nd7 38. Ne5 Nf6 39. Rd3 Qb4 40. Qe2 Qa5 41. Bg2 Qc7 42. Kg1 Qa5 ({Black should try} 42...
Nd5) 43. Re1 Nd7 $2 {[%emt 0:00:46] [#]} (43... Qc7 $16) 44.
Nxf7 $1 $18 {[%emt 0:01:17] White is clearly winning.} Nxc5 (
44... Re8 45. Nd6) 45. Nxd8 Rxd8 46. dxc5 {
[%emt 0:00:16] Weighted Error Value: White=0.21 (precise) /Black=0.25 (precise)
} 1-0

[Event "44th Chess Olympiad Open 2022"]
[Site "Chennai"]
[Date "2022.08.01"]
[Round "4.25"]
[White "Makolli, Perparim"]
[Black "Kurmann, Oliver"]
[Result "0-1"]
[WhiteElo "2247"]
[BlackElo "2463"]
[Annotator "TA"]
[PlyCount "86"]
[EventDate "2022.??.??"]
[TimeControl "60"]

1. e4 c5 2. Nf3 Nc6 3. d4 cxd4 4. Nxd4 Nf6 5. Nc3 e5 6.
Ndb5 d6 7. Bg5 a6 8. Na3 b5 9. Nd5 Be7 10. Bxf6 Bxf6 11. c3 Rb8 12. Nc2 Bg5 13. g3 O-O {[%emt 0:00:30] B33: Sicilian: Pelikan and
Sveshnikov Variations.} 14. h4 Bh6 15. Bh3 Be6 {[%emt 0:01:45] The position is equal.} 16. Ncb4 {[%emt 0:
13:37] 16.Qd3 is setting a new trend.} Nxb4 17. Nxb4 {[%emt 0:
01:06] Threatens to win with Nc6.} Qd7 {[%emt 0:05:43] Inhibits Nc6.} 18. Bg2 a5 19. Nd5 Qb7 20. O-O Bxd5 21. Qxd5 Qxd5 22. exd5 f5 23. Rfd1 g6 24. Bf1 Rfc8 {[%emt 0:05:
25] [#]} 25. Be2 $146 ({Predecessor:} 25. h5 Kf7 26. hxg6+
hxg6 27. Rdb1 e4 28. a4 b4 29. Ba6 Rc7 30. c4 Bg7 31. Ra2 {0-1 (43) Nikitenko,
M (2418)-Aravindh,C (2505) Ulaanbaatar 2015}) 25... Rc7 26.
Kg2 b4 27. c4 e4 28. b3 a4 29. Rf1 Bg7 30. Rac1 {[%emt 0:02:43] [#]} axb3 $1 31.
axb3 Ra8 32. Rc2 {[%emt 0:00:17] Inhibits
Ra2.} Bd4 33. Rd1 {[%emt 0:07:51] [#]} (33. Bd1 $17) 33... Bc5
$1 $19 34. Rdd2 (34. f3 $142) 34... Rca7 35. Rb2 Kg7 36. Bd1 Kf6 37. Bc2 Ra1 38.
Bb1 R8a3 {[%emt 0:00:24] Black is more active.} 39. Ba2 $2 {
[%emt 0:03:40] This costs White the game.} (39. Rd1 $17) 39... Ke5 {[%emt 0:00:
21] White must now prevent ...Bd4.} 40. Re2 $2 (40. f4+ Kf6
41. Bb1) 40... Bd4 {[%emt 0:09:33] Black is clearly winning.} 41. Rbc2 (41. f4+ $142 Kf6 42. Rbd2) 41... Bc3 42. Kh2 Kd4 43. Kg2 h6 {[%emt 0:00:
19] Weighted Error Value: White=0.52/Black=0.09 (flawless)} 0-1

[Event "44th Chess Olympiad Open 2022"]
[Site "Chennai"]
[Date "2022.08.01"]
[Round "4.26"]
[White "Cordova, Emilio"]
[Black "Rohl Montes, Juan Armando"]
[Result "1-0"]
[WhiteElo "2549"]
[BlackElo "2382"]
[Annotator "TA"]
[PlyCount "53"]
[EventDate "2022.??.??"]
[TimeControl "60"]

1. Nf3 Nf6 2. c4 g6 3. g3 Bg7 4. Bg2 O-O 5. O-O c6 6. d4 d5 7. a4 dxc4 8. Na3
{[%emt 0:05:49] D73: Fianchetto Grünfeld: 5 Nf3 .} Na6 9.
Nxc4 Be6 10. b3 {[%emt 0:05:07] White is
slightly better.} Bd5 11. e3 c5 12. Ba3 Rc8 13. Rc1 {[%emt 0:02:10] [#]}
Rc7 $146 ({Predecessor:} 13... Re8 14. Qe2 cxd4 15. Nxd4 Bxg2
16. Kxg2 Qd5+ 17. Kg1 Nc5 18. Rfd1 b6 19. a5 Qb7 20. axb6 axb6 {0-1 (32)
Krasenkow,M (2545)-Shirov,A (2500) Paris 1990}) 14. Qe2 Qc8 15. Rfd1 Rd8 16. a5 h6 17. h3 Kf8 18.
Ncd2 (18. Bb2 {is more complex.} Kg8 19. Nfe5 cxd4 20. Bxd4
Bxg2 21. Kxg2 Ne4 22. h4) 18... cxd4 19. exd4 {[%emt 0:01:51]
[%cal Ya3e7] Hoping for Bxe7+!} Kg8 20. Qxe7 Rxe7 (20... Be6 $11 21. Rxc7 Nxc7) 21. Rxc8 $14 Rxc8 22. Bxe7 Rc2 $2 {[%emt 0:00:00] [#]
This move loses the game for Black.} ({Black should try} 22... Rc7 $14 23. Ba3
Rc2) 23. Ne1 $18 Bxg2 24. Nxc2 Bxh3 25. Ne3 {[%emt 0:00:43]
Inhibits Nd5.} Nc7 (25... Bd7 $142 26. d5 Ne8) 26. Bxf6 Bxf6 27. Ne4 {[%emt 0:00:11] Weighted Error
Value: White=0.04 (flawless) /Black=0.42} 1-0

[Event "44th Chess Olympiad Open 2022"]
[Site "Chennai"]
[Date "2022.08.01"]
[Round "4.26"]
[White "Escalante Ramirez, Brian Sebasti"]
[Black "Castro Torres, Jose Luis"]
[Result "1/2-1/2"]
[WhiteElo "2496"]
[BlackElo "2326"]
[Annotator "TA"]
[PlyCount "94"]
[EventDate "2022.??.??"]
[TimeControl "60"]

1. e4 c5 2. Nf3 Nc6 3. c3 Nf6 4. e5 Nd5 5. Bc4 Nb6 6. Bb3 d5 7.
exd6 c4 8. Bc2 Qxd6 9. O-O Bg4 {[%emt 0:
00:47] B22: Sicilian: 2 c3.} 10. Re1 $1 {[%emt 0:00:29] Prevents Ne5.10.Re1
scores better than 10.h3.} e6 11. b3 Ne5 {[%emt 0:05:21] White is slightly better.} 12. Rxe5 Bxf3 13. Qe1 Bc6 (13... Bd5
$1 $14) 14. Ba3 {[%emt 0:21:10] [#]} ({Better is} 14. Na3 $1 $16) 14... Qc7
$146 ({Predecessor:} 14... Qd7 15. Bxf8 Rxf8 16. Na3 O-O-O 17.
Rd1 cxb3 18. axb3 Kb8 19. d4 Nd5 20. f3 Qe7 {½-½ (49) Barbosa,E (2370)
-Shumyatsky,V (1813) Catanduva 2010}) 15. Bxf8 Rxf8 16. Na3 O-O-O 17. Nb5 {[%emt 0:14:35]
Inhibits Qd6.} ({Reject} 17. Nxc4 Nxc4 18. bxc4 Rxd2 19. Qxd2 Qxe5 $11) 17...
Bxb5 18. Rxb5 Rd5 19. bxc4 Qxc4 20. Rb4 Qc7 21. Be4 Rc5 22. a4 Rd8 23. a5 Nd5 24. Rb2 $36 {[%emt 0:00:16] White is pushing.} Rd7 25. Rab1 (25. Bxh7 g6 26. a6 b6 $17) 25...
Rxa5 (25... Qd6 $14) 26. Rxb7 $16 {[%emt 0:02:09] Deflection}
Qxb7 (26... Qd6 $16 {keeps fighting.} 27. R7b3 Nb6) 27. Rxb7
$18 Rxb7 28. c4 $1 (28. Bxh7
g6 $14) 28... Rb4 29. Bxd5 ({Worse is} 29.
cxd5 Rxe4 $1 30. Qc1+ Kd8 31. dxe6 Rae5 $11) 29... exd5 {[%emt 0:00:01]
Endgame KQ-KRR} 30. Qe8+ Kc7 {[%emt 0:00:57] ( -> ...Rb1+)}
31. Qxf7+ Kb6 32. g4 Rxc4 33. Qxg7 Rc7 (33... Ra2 $16 34. g5 Rc7) 34. Qd4+ Rac5 35. h4 {[%emt 0:01:36] Strongly threatening g5.} a5 {[%emt 0:
00:04] [#]} 36. g5 $1 Ra7 37. Qf6+ Kb5 {[%emt 0:00:00] [#]} 38. Qd6 (38. Qb2+ $1 $16 Kc6
39. Qb8) 38... a4 $1 $14 39. d4 (39. Qb8+ $14
Ka6 40. Qb4) 39... Rcc7 {[%emt 0:00:35] The position is equal.} 40. Qxd5+ Kb4 41. Qd6+ Kb3 42. Qb6+ Kc2 43. d5 a3 {[%emt 0:11:47] ...a2 is the strong threat.} 44. d6 Rcb7 45. Qc5+ Kb1 46. Qf5+ Ka1 47. Qe5+ Kb1 {[%emt 0:06:11] Black escapes into a draw. Weighted Error Value: White=0.
13 (very precise) /Black=0.18 (very precise)} 1/2-1/2

[Event "44th Chess Olympiad Open 2022"]
[Site "Chennai"]
[Date "2022.08.01"]
[Round "4.26"]
[White "Palomo, Franklin Annervys"]
[Black "Cruz, Cristhian"]
[Result "1/2-1/2"]
[WhiteElo "2324"]
[BlackElo "2579"]
[Annotator "TA"]
[PlyCount "64"]
[EventDate "2022.??.??"]
[TimeControl "60"]

1. d4 Nf6 2. Nf3 e6 3. c4 Bb4+ 4. Bd2 c5 5. Bxb4 cxb4 6. Nbd2 O-O 7. e3 b6 8. Bd3 Bb7 9. O-O d6 {
[%emt 0:01:32] [#]} 10. Qb1 $146 {[%emt 0:08:01] E11: Bogo-Indian.} ({
Predecessor:} 10. Re1 Nc6 11. Qc2 Rc8 12. Rac1 e5 13. Ne4 g6 14. Qa4 Na5 15.
Nxf6+ Qxf6 16. d5 e4 17. Bxe4 Qxb2 {0-1 (37) Sarana,A (2656)-Pranav,V (2486)
Chess.com INT 2021}) 10... Nbd7 11. a3 bxa3 12. Rxa3 Qc7 13. h3 h6 14. Rc1 Rfe8 15.
b4 a5 16. Bf1 axb4 17. Qxb4 Rxa3 18. Qxa3 Ra8 19. Qb2 Qb8 20. Ra1 Kf8 {[%emt 0:03:26] The position is equal.} 21. Bd3 Ke7 22. Kf1 Rxa1+ 23. Qxa1 Qa8 24. Qxa8 Bxa8 25. Ke2 Bb7 26. Kd1 Kd8 27. Kc2 Kc7 28. Kc3 Ba8 29. Bc2 Bc6 30. Bd3 Bb7 31. Bc2 Bc6 32. Bd3 Bb7 {[%emt 0:04:19] Weighted Error Value: White=0.07 (flawless)
/Black=0.05 (flawless)} 1/2-1/2

[Event "44th Chess Olympiad Open 2022"]
[Site "Chennai"]
[Date "2022.08.01"]
[Round "4.26"]
[White "Escalona Landi, Samid Eduardo"]
[Black "Terry, Renato"]
[Result "1/2-1/2"]
[WhiteElo "2191"]
[BlackElo "2502"]
[Annotator "TA"]
[PlyCount "77"]
[EventDate "2022.??.??"]
[TimeControl "60"]

1. Nf3 g6 2. d4 Bg7 3. e4 d6 4. Be2 Nf6 5. Nc3 c6 6. a4 O-O 7. a5 Nbd7 8. O-O Qc7 9. h3 e5 10. dxe5 dxe5 11. Be3 Rd8 12. Qb1 Nf8 13. Rd1 {[%emt 0:02:07] B08: Pirc Defence:
Classical System.} Rxd1+ 14. Qxd1 Ne6 15. b4 {[%emt 0:08:07][%cal Yb2b4,Yb4b5,Yb5b6] White is
slightly better.} Bf8 {[%emt 0:05:16] [#]} 16. Ra4 $146 ({
Predecessor:} 16. Qb1 Nf4 17. Bc4 Be6 18. Qb3 h6 19. Rd1 b5 20. Bxe6 Nxe6 21.
Ne1 g5 22. Nd3 {1-0 (73) Maj,P (2001)-Raczynski,K (1835) Poznan 2014}) 16...
Bd7 17. Qb1 c5 18. b5 Nd4 19. Nd2 (19. a6 $5 ) 19... a6 20. b6 Nxe2+ 21. Nxe2 Qc6 22. Nc3 Be6 23. Nf3 Bd6 24. Ng5 Bd7 25. Nf3 c4 26. Qd1 Nxe4 27. Nxe4 Qxe4 28. Qxd6 Bxa4 29. Bh6 (29. Nxe5 $11 h5 30. Bd4) 29... Qf5 (29... Qxc2 {leads to mate.} 30. Qf6) (29... g5 $1 $15 30. Nxe5 Qe1+
31. Kh2 Qxf2 32. Bxg5 Qf5) 30. Nxe5 $11 {[%emt 0:00:08] [#] And now Ng4 would
win.} Qe6 (30... Qxc2 {gets mated.} 31. Qf6) (30... Bxc2 $2
31. Ng4 g5 32. Qe7 $18) 31. Qd4 f6 (31...
Bxc2 $2 32. Nd7 f6 33. Nxf6+ Kf7 34. Nxh7 Qe1+ 35. Kh2 $18) 32. Ng4 $40 {
[%emt 0:01:33] White is up to no good.} Kf7 {[%emt 0:00:02] [#]} (32... Bxc2 $2
33. Nxf6+ Kf7 34. Nxh7 $18) 33. Nxf6 $1 {[%emt 0:00:26] Deflection} Qxf6 34. Qd5+ Ke8 {[%emt 0:02:00] Threatens to win
with ...Bc6.} 35. Qg8+ {[%emt 0:00:04] Skewer, Double Attack} Kd7 $1 36. Qxa8 Bc6 (36... Qa1+ $11 37. Kh2
Qe5+ 38. g3 Bc6) 37. Qg8 $16 Qa1+ 38. Kh2 {[%emt 0:00:04] White wants to mate with Qf7+.} Qe5+ 39. Kg1 {[%emt 0:00:04] Weighted Error Value: White=0.12 (very precise) /
Black=0.12 (very precise)} ({Better is} 39. f4 $16 Qe7 40. Qxc4 (40. Bg5 Qe4
$11)) 1/2-1/2

[Event "44th Chess Olympiad Open 2022"]
[Site "Chennai"]
[Date "2022.08.01"]
[Round "4.27"]
[White "Amin, Bassem"]
[Black "Bwalya, Gillan"]
[Result "1/2-1/2"]
[WhiteElo "2680"]
[BlackElo "2396"]
[Annotator "TA"]
[PlyCount "108"]
[EventDate "2022.??.??"]
[TimeControl "60"]

1. e4 e5 2. Nf3 Nc6 3. Bc4 Bc5 4. O-O Nf6 5. d3 O-O 6. h3 h6 7. Re1 d6 8. c3 a6 9. Nbd2 Ba7 10. Bb3 Be6 11. Nf1 Re8 {
[%emt 0:04:52] The position is equal.} 12. Bc2 {[%emt 0:00:32] C54: Giuoco
Piano: 4 c3 Nf6, main lines with 5 d4 and 5 d3.} d5 13. exd5
$1 {[%emt 0:00:07] 13.exd5 is better than 13.Qe2.} Bxd5 14.
Ng3 Nd7 {[%emt 0:02:09][%cal Yf6d7,Yd7f8,Yf8g6,Yg6f4] [#]} 15.
Qe2 $146 ({Predecessor:} 15. b4 Nf8 16. a4 b5 17. Be3 Bxe3 18.
Rxe3 Ng6 19. Qe1 Nf4 20. Ne2 Ng6 21. Ng3 {0-1 (47) Ganguly, S (2652)-Inarkiev,
E (2660) Berlin 2015}) 15... Nf8 (15... Re6 {is interesting.}
16. Nf5 Ne7 17. N3h4 Nxf5 18. Nxf5 Nf6) 16. Be3 Ng6 (16... Nd4 {seems wilder.} 17. cxd4 exd4 18. Nxd4 Bxd4 19.
Qg4 Bxb2 20. Rab1 Bc3) 17. Bxa7 Nxa7 18. d4 exd4 19. Qxe8+ Qxe8 20. Rxe8+ Rxe8 21. Nxd4 Nf4 22. f3 Nc6 23. Nxc6 Bxc6 24. Rd1 Ne2+ 25. Kf2 Nxg3 26. Kxg3 $11 {[%emt 0:
00:02] Endgame KRB-KRB} Kf8 27. Kf2 {[%emt 0:00:35] Prevents
Re2+.} Ke7 28. Bb3 Ra8 29.
h4 Rf8 30. Rd4 Ra8 31. Kg3 Be8 32. Rb4 Bc6 33. Rg4 Kf8 34. Rd4 Re8 35. Kf2 Re7 36. a4 Rd7 37. Ke3 Ke7 38. a5 g5 39. hxg5 hxg5 40. Rxd7+ Bxd7 {[%emt 0:00:09]
KB-KB} 41. Kd4 b6 42. Bc4 Bc8 43. b4 f6 44. f4 gxf4 45. Ke4 Kd6 46. Kxf4 c5 47. axb6 {[%emt 0:00:31] [#]
And now Bd3 would win.} cxb4 48. cxb4 {[%emt 0:00:04]
Strongly threatening Bd3.} Kc6 49. Bxa6 Bxa6 50. Kf5 Kxb6 51. Kxf6 {
[%emt 0:00:02] KB-KPP} Be2 52. Kf5 Kb5 53. g4 Bxg4+ 54. Kxg4 Kxb4 {[%emt 0:00:00] An even fight not without its subleties.
Weighted Error Value: White=0.03 (flawless) /Black=0.02 (flawless)} 1/2-1/2

[Event "44th Chess Olympiad Open 2022"]
[Site "Chennai"]
[Date "2022.08.01"]
[Round "4.27"]
[White "Hesham, Abdelrahman"]
[Black "Phiri, Richmond"]
[Result "0-1"]
[WhiteElo "2386"]
[BlackElo "2293"]
[Annotator "TA"]
[PlyCount "68"]
[EventDate "2022.??.??"]
[TimeControl "60"]

1. d4 Nf6 2. c4 g6 3. Nc3 d5 4. cxd5 Nxd5 5. e4 Nxc3 6. bxc3 Bg7 7. Bc4 c5 8. Ne2 O-O 9. O-O Nc6 10.
Be3 Na5 {[%emt 0:00:14] 10...Bg4 is the modern continuation.}
11. Bd3 b6 12. Qd2 e5 {
[%emt 0:00:31] D87: Exchange Grünfeld: Classical Line: Variations without ...
cxd4.} 13. Bg5 f6 14. Be3 {[%emt 0:00:12] [#]
} Qe7 $146 {[%emt 0:51:20] The position is equal.} ({Predecessor:} 14... f5 15.
Bg5 Qd6 16. dxe5 Bxe5 17. f4 Bg7 18. e5 Qd5 19. Rad1 Bb7 20. Ng3 h6 {1-0 (43)
Korobov,A (2660)-Kovchan,A (2558) Kiev 2011}) 15. dxc5 bxc5 16. Qb2 (16. c4
$5 Nc6 17. Nc3 $14) 16... c4 17. Bc2 Bg4 18. Qb5 Bxe2 19.
Rfe1 {[%emt 0:03:36] Strongly threatening Bc5.} Bd3 $1 20.
Bxd3 cxd3 21. Qxa5 Rfd8 {
[%emt 0:00:13] Inhibits Qd5+.} 22. Rab1 $1 f5 23. Rb5 Rd7 24. f3 (24. Bd2
$11 {keeps the balance.}) 24... fxe4 $40 {[%emt 0:02:45] White is in trouble.}
25. fxe4 {[%emt 0:00:02] Now White is beyond hope.} (25. Rd5 $17 {might work
better.}) 25... d2 $19 26. Rd1 {[%emt 0:00:52] [#]
} Qh4 $1 {[%emt 0:00:06] ( -> ...Qe1+)} 27. Bf2 {[%emt 0:00:00] Inhibits Qe1+.}
Qxe4 {[%emt 0:00:12] ...Rf8 is the strong threat.} 28. Qa3 (
28. Qa6 Qd3 29. Qe6+ Kh8 30. Rb2) 28... Qe2 {[%emt 0:04:07] Black is clearly
winning.} 29. Rbb1 Rf7 30. Qc5 Bh6 {[%emt 0:00:28] Prevents Qe3. And now ...Raf8 would win.} 31. Kh1 Qxf2 32. Qc4 Raf8 {[%emt 0:
01:30][%cal Ye5e4] aiming for ...e4!} 33. Rf1 {[%emt 0:00:15] [#]} Qc5 $3 34. Qe6 (34. Qb3 Kg7) 34... Kg7 {[%emt 0:00:
14] Weighted Error Value: White=0.79/Black=0.04 (flawless)} 0-1

[Event "44th Chess Olympiad Open 2022"]
[Site "Chennai"]
[Date "2022.08.01"]
[Round "4.27"]
[White "Mwali, Chitumbo"]
[Black "Fawzy, Adham"]
[Result "0-1"]
[WhiteElo "2320"]
[BlackElo "2471"]
[Annotator "TA"]
[PlyCount "92"]
[EventDate "2022.??.??"]
[TimeControl "60"]

1. Nf3 c5 2. c4 Nc6 3. g3 g6 4. Bg2 Bg7 5. Nc3 d6 6. O-O Bf5 {[%emt 0:03:22] 6...e6
is the modern continuation.} 7. d3 {[%emt 0:09:33] A37: Symmetrical English vs
...g6:4 Bg2 Bg7 5 Nf3.} Qd7 8. Nd5 Nf6 9. Rb1 {[%emt 0:08:25] The position is equal.} O-O 10. a3 Rab8 11. b4 cxb4 12. Nxb4 {[%emt 0:08:52] [#]} e5 $146 ({
Predecessor:} 12... Bg4 13. Be3 Rfc8 14. Nd4 Nxb4 15. Rxb4 e5 16. Nb5 b6 17.
Nc3 h6 18. Qd2 Kh7 {½-½ (42) Muthaiah,A (2291)-Satyapragyan,S (2445)
Bhubaneswar 2016}) 13. Be3 Nxb4 14. Rxb4 ({White should try} 14. axb4 $14 Rbc8 15. Ra1) 14... b6 $11 15. Re1 Qc7 16. Bg5 Nd7 17. Nd2 Nc5 18.
Be3 Be6 19. Nb1 e4 20. d4 Na6 21. Rb2 f5 $1 (21... Qxc4 22. Bxe4 Qc7 23. Qa4 $11) 22. Nd2 Nc5 {[%emt 0:00:53] Black is more active.} (22... Bxc4 23. Qa4 d5 24.
Bf4 $16) 23. Rb1 Nd7 24. Qa4 Nf6 25. h3 {[%emt 0:00:09] Against Ng4} Nh5 26. Rbc1 (26. Qb4 $142) 26... Qe7 $17 27. c5
{[%emt 0:00:28] [#]} d5 $1 28. c6 (28. cxb6
$142 Rxb6 29. Rb1) 28... Qc7 29. Qb3 Rbe8 ({Worse is} 29... f4 30. Bxf4 (30. gxf4 Rbe8 $15) 30... Nxf4
31. gxf4 $15) 30. Nb1 Nxg3 31. fxg3 $15 Qxg3 32. Nd2 f4 33. Bf2 Qg5 {[%emt 0:00:17][%cal Yf4f3] [#] Hoping for ..
.f3!} 34. c7 $2 {[%emt 0:00:50] This move loses the game for White.} (34. Kh2
$17) 34... e3 $2 $40 {[%emt 0:00:46] Black attacks with force.} (34... f3 35.
exf3 Bxh3 36. Qxd5+ Qxd5 37. Bxh3 Qg5+ 38. Kf1 Qxd2) 35. Nf3 (
35. Bh4 $142 Qxh4 36. Nf3) 35... exf2+ $19 36. Kxf2 Qg3+ 37. Kf1 Kh8 {[%emt 0:00:59] And
now ...g5 would win.} ({But not} 37... Bxh3 $2 38. Qxd5+ Be6 39. Qc6 $19) 38.
Rc3 Bxh3 {[%emt 0:02:20] Dancing on a razor blade.} 39. Bxh3 Qxh3+ 40. Kf2 g5 41. Rg1 (41. Rec1) 41... g4 {[%emt 0:32:12] Black is
clearly winning.} 42. Ne5 g3+ (42... f3 $142
43. exf3 Bxe5 44. dxe5 Qh2+ 45. Kf1 Qxe5 46. Qc2 gxf3 47. Qxh7+ Kxh7 48. Rh1+
Kg6 49. Rg1+ Kh5 50. Rh1+ Kg5 51. Rg1+ Kf4 52. Rg4+ Kxg4 53. c8=Q+ Rxc8 54.
Rc4+ dxc4 55. Kg1 Qe1+ 56. Kh2 Rh8#) 43. Ke1 Qh2 44. Rf1 Bxe5 45. dxe5 g2 46. Rh3 g1=Q {[%emt 0:00:00] Weighted
Error Value: White=0.73/Black=0.51} (46... gxf1=N 47. Kxf1 Qg3 48. Rxg3 fxg3+
49. Kg2 $16) 0-1